 Dungeon Crawl Stone Soup version 0.30-a0-373-gd37427bb62 (webtiles) character file.

Game seed: 3011868080836484292

1057 bande the Chopper (level 8, -9/49 HPs)
             Began as a Gargoyle Fighter on Nov 23, 2022.
             Mangled by Duvessa
             ... wielding a +0 rapier
              (13 damage)
             ... on level 5 of the Dungeon.
             The game lasted 00:07:37 (4072 turns).

bande the Chopper (Gargoyle Fighter)                Turns: 4072, Time: 00:07:37

Health: -9/49      AC:  0    Str: 20    XL:     8   Next: 27%
Magic:  8/8        EV: 13    Int:  9    God:
Gold:   234        SH:  0    Dex: 11    Spells: 7/7 levels left

rFire   . . .      SeeInvis .    (weapon currently unavailable)
rCold   . . .      Faith    .    (shield currently unavailable)
rNeg    + . .      Spirit   .    (body armour currently unavailable)
rPois   ∞          Reflect  .    (helmet currently unavailable)
rElec   .          Harm     .    (cloak currently unavailable)
rCorr   .          Rampage  .    (gloves currently unavailable)
Will    .....                    (boots currently unavailable)
Stlth   +.........               (no amulet)
HPRegen 0.28/turn                (ring currently unavailable)
MPRegen 0.11/turn                (ring currently unavailable)

@: pig-form, very quick
A: fast, no casting, sickness immunity, AC +5, small, negative energy resistance
1, (electricity resistance), torment resistance 1, petrification resistance
a: no special abilities


You were on level 5 of the Dungeon.
You were a filthy swine.
You visited 1 branch of the dungeon, and saw 5 of its levels.
You also visited: Ossuary.

You collected 234 gold pieces.

Inventory:

Hand Weapons
 a - a +1 war axe (melded)
Missiles
 f - a throwing net (quivered)
Armour
 c - a +0 buckler (melded)
 g - a +0 chain mail (melded)
 m - a +1 cloak (melded)
 n - a +1 pair of gloves (melded)
Scrolls
 b - 4 scrolls of teleportation
 j - a scroll of poison
 p - 2 scrolls of identify
 q - a scroll of blinking
Potions
 d - 3 potions of might
 e - 2 potions of invisibility
 h - 2 potions of flight
 i - a potion of heal wounds
 k - a potion of resistance
 l - a potion of brilliance


   Skills:
 + Level 5.1 Fighting
 + Level 6.6 Axes
 + Level 5.3 Armour
 + Level 4.8 Shields


You had 7 spell levels left.
You didn't know any spells.
Your spell library contained the following spells:

 Spells                   Type           Power      Damage    Failure   Level
 Sandblast                Erth           0%         2d4       38%         1
 Blink                    Tloc           0%         N/A       52%         2
 Passwall                 Tmut/Erth      0%         N/A       52%         2
 Wereblood                Tmut           0%         N/A       52%         2
 Gell's Gravitas          Tloc           0%         N/A       77%         3
 Ignite Poison            Fire/Tmut/Pois 0%         N/A       77%         3
 Kindle Blastsparks       Fire/Tloc/Air  0%         2d10      77%         3
 Stone Arrow              Conj/Erth      0%         3d7       77%         3
 Animate Dead             Necr           0%         N/A       99%         4
 Manifold Assault         Tloc           0%         N/A       99%         4
 Borgnjor's Vile Clutch   Necr/Erth      0%         N/A       100%        5
 Freezing Cloud           Conj/Ice/Air   0%         6-21      100%        5
 Iskenderun's Battlesphe  Conj           0%         2d6       100%        5
 Death Channel            Necr           0%         N/A       100%        6
 Eringya's Noxious Bog    Tmut/Pois      0%         N/A       100%        6
 Iron Shot                Conj/Erth      0%         9d1       100%        6
 Spellforged Servitor     Conj/Summ      0%         N/A       100%        7
 Storm Form               Tmut/Air       0%         N/A       100%        7
 Summon Hydra             Summ           0%         N/A       100%        7
 Sublimation of Blood     Necr           Unusable   N/A       N/A         2

Dungeon Overview and Level Annotations

Branches:
Dungeon (5/15)            Ossuary (visited)
 Temple: D:4-7

Altars:
Cheibriados
Kikubaaqudgha
Sif Muna
Xom
Yredelemnul

Shops:
D:3 (:=

Annotations:
D:5 Dowan, Duvessa


Innate Abilities, Weirdness & Mutations

You are a filthy swine.
You move quickly.
Your equipment is almost entirely melded.
You are incapable of wielding weapons or throwing items.
You cannot cast spells.
You are immune to sickness and miasma.
((Your stone body is resilient. (AC +5)))
You are immune to poison.
You resist negative energy. (rN+)
((You are resistant to electric shocks. (rElec)))
You are resistant to unholy torment.
You are immune to petrification.


Message History

Duvessa is lightly wounded.
Duvessa hits you with a +0 rapier!
Unknown command.
You closely miss Dowan. You slash Duvessa! Duvessa hits you with a +0 rapier.
Dowan casts a spell at you.
The puff of frost hits you but does no damage.
Duvessa hits you but does no damage.
You slash Dowan!
Dowan is severely wounded.
You hit Duvessa. Duvessa hits you but does no damage.
Dowan gestures at you while chanting.
The puff of frost hits you but does no damage.
Duvessa zaps a wand.
You turn into a filthy swine.
Your +1 war axe melds into your body.
Your +1 cloak melds into your body.
Your +1 pair of gloves melds into your body.
Your +0 buckler melds into your body.
Your +0 chain mail melds into your body.
Dowan closely misses you.
You closely miss Dowan.
Dowan is severely wounded.
Duvessa hits you with a +0 rapier!
Dowan hits you with a +2 dagger of speed.
Unknown command.
Duvessa drinks a potion.
Duvessa is healed!
Duvessa says, "Did you see that move?
Perfect!"
Duvessa attacks as you move away! Duvessa barely misses you.
Duvessa hits you with a +0 rapier! Duvessa attacks as you move away!
Duvessa hits you with a +0 rapier!
* * * LOW HITPOINT WARNING * * *
Duvessa says, "Practise, practise, practise!
One day you'll be as good as me."
There is an open door here.
A phantom comes into view.
Duvessa says, "Where magic fails, the sword succeeds!"
There is an open door here.
Duvessa attacks as you move away! Duvessa hits you with a +0 rapier.
* * * LOW HITPOINT WARNING * * *
Dowan mumbles some strange words.
Dowan blinks!
Duvessa attacks as you move away! Duvessa hits you with a +0 rapier!
You die...

'........#.......................
#####..###.......................
#####..#.....###'################
..#....†.....#.....#..........#
..#....#.....'.....#..o.......#
########.....########'##..##'###
.............##..##..#....#
.............e...§...$....#
..........Whe#...#...).....#
..............#...##..≈≈.≈§..
...............###'##...≈.≈...
#+#########.....# .....≈.....≈.
#.....# ..##.≈§...≈≈.
#.....######...._.... #......
#.≈≈...≈≈. ######. #.≈.§...≈


You could see Duvessa (fast), a phantom and Dowan.

Vanquished Creatures
  A water moccasin (D:5)
  A necrophage (D:4)
  2 scorpions (D:4)
  7 water moccasin zombies (Ossuary)
  A howler monkey (D:5)
  An orc priest (D:3)
  2 hounds
  A jelly (D:5)
  2 orc wizards
  2 mummies (Ossuary)
  2 adders
  5 adder zombies (Ossuary)
  A worm (D:3)
  3 dart slugs (D:3)
  19 orcs
  9 ball pythons
  11 endoplasms
  4 goblins
  5 hobgoblins
  10 kobolds
  3 quokkas
  9 bats
  4 frilled lizards
  A gnoll zombie (Ossuary)
  9 hobgoblin zombies (Ossuary)
  5 kobold zombies (Ossuary)
  4 orc zombies (Ossuary)
  3 rats
127 creatures vanquished.

Notes
Turn   | Place    | Note
-------+----------+-------------------------------------------
     0 | D:1      | bande the Gargoyle Fighter began the quest for the Orb.
     0 | D:1      | Reached XP level 1. HP: 14/14 MP: 1/1
    78 | D:1      | Reached XP level 2. HP: 13/19 MP: 2/2
   681 | D:2      | Reached skill level 2 in Axes
   681 | D:2      | Reached XP level 3. HP: 20/23 MP: 3/3
   701 | D:2      | Found a faded altar of an unknown god.
   838 | D:2      | HP: 1/23 [something/puff of flame (4)]
   840 | D:2      | Reached XP level 4. HP: 2/29 MP: 4/4
  1423 | D:3      | Found Ukluohik's Weapon Shoppe.
  1520 | D:3      | Got the Enchiridion on Displaced Pestilence
  1600 | D:3      | Found Buomih's Book Shoppe.
  1642 | D:3      | Found a basalt altar of Yredelemnul.
  1840 | D:3      | Reached skill level 3 in Axes
  1840 | D:3      | Reached XP level 5. HP: 8/33 MP: 5/5
  2415 | D:3      | Found Pyaturu's Jewellery Shop.
  2424 | D:3      | Found a shimmering blue altar of Sif Muna.
  2424 | D:3      | Found a shimmering altar of Xom.
  2424 | D:3      | Found a snail-covered altar of Cheibriados.
  2678 | D:4      | Reached skill level 4 in Axes
  2678 | D:4      | Reached XP level 6. HP: 32/38 MP: 6/6
  3240 | D:5      | Entered Level 5 of the Dungeon
  3256 | D:5      | Reached XP level 7. HP: 43/43 MP: 7/7
  3256 | D:5      | Found a sand-covered staircase.
  3265 | Ossuary  | Entered an ossuary
  3292 | Ossuary  | Reached skill level 5 in Axes
  3376 | Ossuary  | Reached skill level 5 in Armour
  3480 | Ossuary  | Reached skill level 6 in Axes
  3767 | Ossuary  | Reached XP level 8. HP: 48/48 MP: 8/8
  3964 | D:5      | Reached skill level 5 in Fighting
  4044 | D:5      | Found an ancient bone altar of Kikubaaqudgha.
  4047 | D:5      | Noticed Dowan
  4048 | D:5      | Noticed Duvessa
  4072 | D:5      | Mangled by Duvessa

Illustrated notes

Levels and vault maps discovered:
D:1:      minmay_arrival_up_and_down, layout_rooms, minivault_25,
          chequers_avenue
D:2:      layout_basic, ebering_ecumenical_altar_petrified,
          serial_bayou_crossing
D:3:      minmay_skewed_foursquare, layout_loops_ring,
          chequers_temple_overflow_statue_of_worship,
          nicolae_overflow_crystal_walls, serial_shops, nicolae_square_shop,
          shop, shop
D:4:      layout_basic
D:5:      layout_gridville, mainiacjoe_overflow_small_starburst, serial_shops,
          shop, nicolae_ossuary_entry_monument, uniq_duvessa

Skill      XL: |  1  2  3  4  5  6  7  8 |
---------------+-------------------------+-----
Axes           | 2 3 4 6 |  6.6
Armour         | 4 5 |  5.3
Shields        | 4 |  4.8
Fighting       | 4 5 |  5.1

Action                   |  1- 3 |  4- 6 |  7- 9 || total
-------------------------+-------+-------+-------++-------
Melee: War axe           |    78 |   190 |   175 ||   443
       Unarmed           |       |       |     1 ||     1
  Use: Scroll            |     6 |     7 |     3 ||    16
       Potion            |     1 |       |       ||     1
Armor: Scale mail        |    10 |       |       ||    10
       Chain mail        |    55 |   158 |    92 ||   305
Dodge: Dodged            |    38 |    82 |    61 ||   181
Block: Buckler           |    18 |    40 |    42 ||   100

Table legend: (Time is in decaauts)
 A = Elapsed time spent in this place.
 B = Non-inter-level travel time spent in this place.
 C = Inter-level travel time spent in this place.
 D = Time resting spent in this place.
 E = Time spent auto-exploring this place.
 F = Levels seen in this place.
 G = Mean time per level.
                   A        B        C        D        E       F      G
               +--------+--------+--------+--------+--------+-----+--------+
         Total |   4213 |   4157 |     56 |    741 |   2393 |   6 |  702.2 |
       Dungeon |   3548 |   3492 |     56 |    450 |   2225 |   5 |  709.6 |
       Ossuary |    664 |    664 |      0 |    291 |    168 |   1 |  664.0 |
               +--------+--------+--------+--------+--------+-----+--------+

Top non-repeatable levels by time:
     D:3: 1271 daAuts
     D:2: 790 daAuts
 Ossuary: 664 daAuts
     D:4: 641 daAuts
     D:1: 638 daAuts
     D:5: 206 daAuts
